 Dungeon Crawl Stone Soup version 0.23.2-40-g277498a001 (webtiles) character file.

Game seed: 7747560602152408842

436 Amplified the Skirmisher (level 7, -5/61 HPs)
             Began as a Hill Orc Fighter on Oct 17, 2019.
             Was an Initiate of Makhleb.
             Killed from afar by an orc wizard (7 damage)
             ... with a magic dart
             ... on level 4 of the Dungeon.
             The game lasted 00:03:33 (3076 turns).

Amplified the Skirmisher (Hill Orc Fighter)         Turns: 3076, Time: 00:03:33

Health: -5/61      AC:  7    Str: 18 (19) XL:     7   Next: 1%
Magic:  7/7        EV:  8    Int:  9 (10) God:    Makhleb [......]
Gold:   112        SH:  9    Dex:  9 (10) Spells: 6/6 levels left

rFire    + . .     SeeInvis .   a - +0 war axe
rCold    + . .     Gourm    .   c - +0 shield
rNeg     . . .     Faith    .   b - +0 scale mail
rPois    .         Spirit   .   (no helmet)
rElec    .         Reflect  .   (no cloak)
rCorr    .         Harm     .   (no gloves)
MR       .....                  (no boots)
Stlth    ..........             (no amulet)
HPRegen  0.20/turn              (no ring)
MPRegen  0.10/turn              (no ring)

@: no status effects
A: cold resistance 1, fire resistance 1
a: Renounce Religion


You were on level 4 of the Dungeon.
You worshipped Makhleb.
Makhleb was noncommittal.
You were not hungry.

You visited 2 branches of the dungeon, and saw 5 of its levels.

You collected 112 gold pieces.

Inventory:

Hand Weapons
 a - a +0 war axe (weapon)
Armour
 b - a +0 scale mail (worn)
 c - a +0 shield (worn)
Scrolls
 h - a scroll of identify {unknown}
 i - a scroll of teleportation
 j - 2 scrolls of fear {unknown}
 k - 2 scrolls of remove curse {unknown}
 l - a scroll of magic mapping
 m - 2 scrolls of enchant armour {unknown}
Potions
 e - 2 potions of flight
Comestibles
 f - 9 rations


   Skills:
 * Level 5.5 Fighting
 * Level 5.3 Axes
 - Level 3.9 Armour
 * Level 2.0 Dodging
 * Level 5.0 Shields


You had 6 spell levels left.
You didn't know any spells.
Your spell library was empty.

Dungeon Overview and Level Annotations

Branches:
Dungeon (4/15)             Temple (1/1) D:4

Altars:
Ashenzari
Fedhas
Gozag
Hepliaklqana
Makhleb
Nemelex Xobeh
Qazlal
Ru
Trog
Wu Jian
Zin
The Shining One

Shops:
D:4 :

Annotations:
D:3 3 runed translucent doors, ruphz's ghost, amateur FoAK


Innate Abilities, Weirdness & Mutations

Your flesh is cold resistant. (rC+)
Your flesh is heat resistant. (rF+)


Message History

You bump into the rock wall.
Something hits you but does no damage.
Unknown command.
You bump into the rock wall.
Something hits you but does no damage.
Unknown command.
You bump into the rock wall.
Something hits you but does no damage.
Unknown command.
You bump into the rock wall.
Something hits you but does no damage.
Unknown command.
You completely miss something. Something hits you but does no damage.
Something hits you.
* * * LOW HITPOINT WARNING * * *
Unknown command.
You bump into the rock wall.
Something hits you but does no damage.
Unknown command.
You bump into the rock wall.
You feel less confused.
You hear some strange, mumbled words.
A magic dart appears from out of thin air!
The magic dart hits you!
You die...

#........##
##.######.......#..
#.###....# #.#
.###.. .. #.##.##
##.#
###.###.###.###.##
.........##....##
.#######∩###..## .
# #......# ####...
#.
#......#####.......
##.
#....#...@{).......
...
#.#.########)......
##. #.#.# ####...
#.. #...# . #..
..#.# #.# ###.# #.#
#.# #.. #.#


There were no monsters in sight!

Vanquished Creatures
  A water moccasin zombie (D:3)
  2 orc priests (D:4)
  An iguana (D:4)
  3 orc wizards
  2 worker ants (D:4)
  6 adders
  A worm (D:2)
  3 dart slugs
  6 leopard geckos
  12 orcs
  3 bats
  2 giant cockroaches (D:2)
  10 goblins
  6 hobgoblins
  12 jackals
  2 quokkas
  4 ball pythons
  3 frilled lizards
  9 kobolds
  A quokka skeleton (D:4)
  7 rats
96 creatures vanquished.

Notes
Turn   | Place    | Note
-------+----------+-------------------------------------------
     0 | D:1      | Amplified the Hill Orc Fighter began the quest for the Orb.
     0 | D:1      | Reached XP level 1. HP: 19/19 MP: 1/1
    66 | D:1      | Reached XP level 2. HP: 24/27 MP: 2/2
   371 | D:1      | Reached XP level 3. HP: 29/33 MP: 3/3
   778 | D:2      | Reached XP level 4. HP: 31/40 MP: 4/4
  1592 | D:3      | Reached XP level 5. HP: 33/47 MP: 5/5
  1682 | D:3      | Reached skill level 1 in Dodging
  1894 | D:3      | Found a runed translucent gate.
  1894 | D:3      | Found a runed translucent gate.
  1894 | D:3      | Found a runed translucent gate.
  1894 | D:3      | Noticed ruphz's ghost (amateur FoAK)
  2047 | D:3      | Reached skill level 5 in Fighting
  2071 | D:3      | Reached XP level 6. HP: 25/56 MP: 6/6
  2530 | D:4      | Reached skill level 5 in Axes
  2672 | D:4      | Found a staircase to the Ecumenical Temple.
  2701 | Temple   | Entered the Ecumenical Temple
  2795 | Temple   | Became a worshipper of Makhleb the Destroyer
  2990 | D:4      | Found Zuwuuzoj's Book Shoppe.
  3021 | D:4      | Reached skill level 5 in Shields
  3021 | D:4      | Reached XP level 7. HP: 59/61 MP: 7/7
  3044 | D:4      | Gained mutation: Your flesh is heat resistant. (rF+)
                  | [potion of mutation]
  3044 | D:4      | Gained mutation: Your flesh is cold resistant. (rC+)
                  | [potion of mutation]
  3065 | D:4      | HP: 2/61 [something/puff of flame (5)]
  3074 | D:4      | HP: 2/61 [something (1)]
  3076 | D:4      | Killed from afar by an orc wizard

Skill      XL: |  1  2  3  4  5  6 |
---------------+-------------------+-----
Axes           | 3 4 5 |  5.3
Fighting       | 4 5 |  5.5
Shields        | 4 5 |  5.0
Dodging        | 1 2 |  2.0
Armour         | |  3.9

Action                   |  1- 3 |  4- 6 |  7- 9 || total
-------------------------+-------+-------+-------++-------
Melee: War axe           |    95 |   225 |    39 ||   359
  Use: Potion            |       |     4 |     1 ||     5
       Scroll            |       |     3 |       ||     3
  Eat: Chunk             |       |     4 |       ||     4
       Ration            |       |     1 |       ||     1
Armor: Scale mail        |    49 |   127 |    22 ||   198
Dodge: Dodged            |    37 |    72 |     5 ||   114
Block: Shield            |    57 |   132 |    10 ||   199
